 Dungeon Crawl Stone Soup version 0.29-a0-330-g52719c12eb (webtiles) character file.

Game seed: 6152064730575076333

205 kae the Firebug (level 5, -2/33 HPs)
             Began as an Octopode Fire Elementalist on Apr 16, 2022.
             Slain by a black bear (3 damage)
             ... on level 3 of the Dungeon.
             The game lasted 00:02:16 (3932 turns).

kae the Firebug (Octopode Fire Elementalist)        Turns: 3932, Time: 00:02:17

Health: -2/33      AC:  1    Str:  7    XL:     5   Next: 83%
Magic:  5/9        EV: 13    Int: 20    God:
Gold:   94         SH:  0    Dex: 12    Spells: 0/9 levels left

rFire   . . .      SeeInvis .   g - +0 war axe
rCold   . . .      Faith    .   (no shield)
rNeg    . . .      Spirit   .   (helmet restricted)
rPois   .          Reflect  .   (no amulet)
rElec   .          Harm     .   (no ring)
rCorr   .          Rampage  .   (no ring)
Will    .....                   (no ring)
Stlth   +++.......              (no ring)
HPRegen 0.11/turn               (no ring)
MPRegen 0.11/turn               (no ring)
                                (no ring)
                                (no ring)

@: about to teleport
A: almost no armour, amphibious, 8 rings, camouflage 1, gelatinous body 1,
(nimble swimmer 1), tentacles
a: no special abilities


You were on level 3 of the Dungeon.
You visited 1 branch of the dungeon, and saw 3 of its levels.

You collected 94 gold pieces.

Inventory:

Hand Weapons
 e - a +0 whip
 g - a +0 war axe (weapon)
Scrolls
 b - a scroll of fear {unknown}
 c - 2 scrolls of teleportation
 f - a scroll of vulnerability
 h - 2 scrolls of summoning
Potions
 a - a potion of magic


   Skills:
 + Level 1.5 Fighting
 + Level 2.8 Dodging
 + Level 4.0 Stealth
 + Level 2.6 Spellcasting
 + Level 2.0 Conjurations
 * Level 4.3 Fire Magic


You couldn't memorise any spells.
You knew the following spells:

 Your Spells              Type           Power      Damage    Failure   Level
a - Foxfire               Conj/Fire      60%        2x1d7     4%          1
b - Scorch                Fire           38%        2d7       3%          2
c - Conjure Flame         Conj/Fire      15%        6-21      12%         3
d - Inner Flame           Hex/Fire       11%        N/A       19%         3

Your spell library contained the following spells:

 Spells                   Type           Power      Damage    Failure   Level
 Corpse Rot               Necr/Air       4%         N/A       22%         2
 Ensorcelled Hibernation  Hex/Ice        4%         N/A       22%         2
 Flame Wave               Conj/Fire      15%        2d6       36%         4
 Spider Form              Tmut/Pois      2%         N/A       41%         3
 Anguish                  Hex/Necr       1%         N/A       82%         4
 Dispel Undead            Necr           2%         3d7       82%         4
 Death Channel            Necr           1%         N/A       100%        6


Dungeon Overview and Level Annotations

Branches:
Dungeon (3/15)

Altars:
Fedhas

Shops:
D:3 (


Innate Abilities, Weirdness & Mutations

You cannot wear most types of armour.
You are amphibious.
You can wear up to eight rings at the same time.
Your skin changes colour to match your surroundings (Stealth+).
Your rubbery body absorbs attacks. (AC +1, EV +1)
((You are camouflaged when in or above water. (Stealth+)))
You have tentacles for arms and can constrict up to eight enemies at once.


Message History

You conjure some foxfire!
The black bear growls angrily.
The foxfire hits the black bear.
The black bear is lightly wounded.
Casting: Foxfire (safe; 4% risk of failure)
Confirm with . or Enter, or press ? or * to list all spells.
You conjure some foxfire!
The foxfire hits the black bear.
The black bear is lightly wounded.
The foxfire hits the black bear.
The black bear is lightly wounded.
Casting: Foxfire (safe; 4% risk of failure)
Confirm with . or Enter, or press ? or * to list all spells.
You conjure some foxfire!
The foxfire hits the black bear.
The black bear is moderately wounded.
The foxfire hits the black bear but does no damage.
The black bear is moderately wounded.
The foxfire hits the black bear.
The black bear is heavily wounded.
The black bear bites you. The black bear misses you. The black bear claws you.
Casting: Foxfire (safe; 4% risk of failure)
Confirm with . or Enter, or press ? or * to list all spells.
Flames lash the gnoll.
The gnoll is moderately wounded.
The gnoll's fire resistance burns away.
The black bear completely misses you. The black bear claws you.
The black bear barely misses you.
The gnoll hits you from afar with a +0 halberd!
The black bear bites you. The black bear misses you.
The black bear barely misses you.
As you read the scroll of teleportation, it crumbles to dust.
You feel strangely unstable.
The black bear bites you but does no damage.
The black bear claws you. x2
* * * LOW HITPOINT WARNING * * *
The gnoll barely misses you.
The gnoll is no longer more vulnerable to fire.
The black bear attacks as you move away!
The black bear bites you!
* * * LOW HITPOINT WARNING * * *
The black bear claws you.
You die...

...# #.# . ###.##..
##.# #.# #.#.....
...... #.###.#
#........###....
##.#...# #...∩.
.......# # ...#.#.#
#........#....##....
...♣.♣♣♣ #....
#g...<......# #....P.♣
#...##........#.##
#.#♣♣..♣
#...h...######
#.#♣P..♣♣♣ ###..@...##
#.#♣♣..PP♣
#.#...##.### #.#
♣♣♣..♣♣♣..........#
#.#
♣♣....♣.#......#######
.##
#.♣P)♣#...............
.#
#.##.##.######.######
♣♣ #.##....##.....)#
#.#####......#..# #.#
#.(#.###.<######.


You could see a black bear and a gnoll.

Vanquished Creatures
  An iguana (D:3)
  2 orc wizards (D:2)
  2 gnolls
  4 adders
  2 worms (D:2)
  4 dart slugs
  2 orcs
  2 bats (D:1)
  9 endoplasms
  A giant cockroach (D:1)
  6 goblins
  4 hobgoblins
  3 jackals (D:1)
  9 ball pythons
  2 frilled lizards (D:2)
  5 kobolds
  5 rats
63 creatures vanquished.

Vanquished Creatures (collateral kills)
  8 foxfires (D:3)
8 creatures vanquished.

Vanquished Creatures (others)
  222 foxfires
  8 plants (D:3)
230 creatures vanquished.

Grand Total: 301 creatures vanquished

Notes
Turn   | Place    | Note
-------+----------+-------------------------------------------
     0 | D:1      | kae the Octopode Fire Elementalist began the quest for the
                  | Orb.
     0 | D:1      | Reached XP level 1. HP: 11/11 MP: 3/3
   306 | D:1      | Reached XP level 2. HP: 12/17 MP: 1/5
  1098 | D:1      | Found a faded altar of an unknown god.
  1179 | D:1      | Reached XP level 3. HP: 22/22 MP: 3/6
  2107 | D:2      | Reached skill level 1 in Fighting
  2107 | D:2      | Reached XP level 4. HP: 28/28 MP: 4/7
  2698 | D:2      | Found a blossoming altar of Fedhas.
  2941 | D:2      | Reached XP level 5. HP: 30/33 MP: 5/8
  2944 | D:2      | Learned a level 2 spell: Scorch
  2948 | D:2      | Learned a level 3 spell: Conjure Flame
  2952 | D:2      | Learned a level 3 spell: Inner Flame
  2994 | D:3      | Noticed a black bear
  3909 | D:3      | Found Hilyilepp's Weapon Shop.
  3932 | D:3      | HP: 1/33 [black bear (7)]
  3932 | D:3      | Slain by a black bear

Illustrated notes

Levels and vault maps discovered:
D:1:      dpeg_arrival_stonehenge_8_columns, layout_basic,
          ebering_ecumenical_altar_abandoned
D:2:      layout_basic, basic_altar, hangedman_decor_lopped
D:3:      layout_basic, serial_forest, infiniplex_forest_clump_medium,
          infiniplex_forest_zigzag_1, infiniplex_forest_straight_2,
          infiniplex_forest_straight_4, infiniplex_forest_diagonal,
          infiniplex_forest_straight_2, infiniplex_forest_clump_diagonal,
          serial_shops, nicolae_shop_bloodbath_and_beyond

Skill      XL: |  1  2  3  4  5 |
---------------+----------------+-----
Stealth        | 3 4 |  4.0
Fighting       | 1 |  1.5
Fire Magic     | 4 |  4.3
Conjurations   | 2 |  2.0
Dodging        | |  2.8
Spellcasting   | |  2.6

Action                   |  1- 3 |  4- 6 || total
-------------------------+-------+-------++-------
Melee: Tentacles         |     3 |     3 ||     6
       Constrict         |     1 |     3 ||     4
       Whip              |     1 |       ||     1
       War axe           |    10 |    12 ||    22
 Cast: Foxfire           |    77 |    58 ||   135
       Scorch            |       |     6 ||     6
  Use: Scroll            |     4 |     1 ||     5
       Potion            |       |     1 ||     1
 Stab: Sleeping          |     1 |       ||     1
Armor: Skin              |     1 |     2 ||     3
Dodge: Dodged            |    25 |    28 ||    53

Table legend: (Time is in decaauts)
 A = Elapsed time spent in this place.
 B = Non-inter-level travel time spent in this place.
 C = Inter-level travel time spent in this place.
 D = Time resting spent in this place.
 E = Time spent auto-exploring this place.
 F = Levels seen in this place.
 G = Mean time per level.
                   A        B        C        D        E       F      G
               +--------+--------+--------+--------+--------+-----+--------+
         Total |   3947 |   3793 |    154 |    497 |   2727 |   3 | 1315.7 |
       Dungeon |   3947 |   3793 |    154 |    497 |   2727 |   3 | 1315.7 |
               +--------+--------+--------+--------+--------+-----+--------+

Top non-repeatable levels by time:
     D:2: 1795 daAuts
     D:1: 1708 daAuts
     D:3: 443 daAuts
